 Dungeon Crawl Stone Soup version 0.26-a0-572-g753d7e3450 (webtiles) character file.

Game seed: 919397638485712863

163 MrRokkomies the Chiller (level 5, -2/29 HPs)
             Began as a Deep Elf Ice Elementalist on Aug 21, 2020.
             Slain by a white imp (4 damage)
             ... on level 2 of the Dungeon.
             The game lasted 00:04:02 (2809 turns).

MrRokkomies the Chiller (Deep Elf Ice Elementalist) Turns: 2809, Time: 00:04:02

Health: -2/29      AC:  2    Str:  5    XL:     5   Next: 20%
Magic:  11/11      EV: 14    Int: 21    God:
Gold:   96         SH:  0    Dex: 15    Spells: 3/10 levels left

rFire    . . .     SeeInvis .   b - +0 dagger
rCold    . . .     Faith    .   (no shield)
rNeg     . . .     Spirit   .   a - +0 robe
rPois    .         Reflect  .   (no helmet)
rElec    .         Harm     .   (no cloak)
rCorr    .                      (no gloves)
MR       .....                  (no boots)
Stlth    ++........             (no amulet)
HPRegen  0.09/turn              (no ring)
MPRegen  0.12/turn              (no ring)

@: frozen ramparts, very slightly contaminated
A: no striking features
a: no special abilities


You were on level 2 of the Dungeon.
You visited 1 branch of the dungeon, and saw 2 of its levels.

You collected 96 gold pieces.

Inventory:

Hand Weapons
 b - a +0 dagger (weapon)
 l - a +0 hunting sling
Missiles
 m - 71 stones (quivered)
Armour
 a - a +0 robe (worn)
Jewellery
 n - an uncursed ring of protection from magic
 o - an uncursed amulet of faith {unknown}
Scrolls
 e - 3 scrolls of identify {unknown}
 f - a scroll of fear {unknown}
 g - a scroll of blinking {unknown}
 i - 2 scrolls of teleportation {unknown}
 j - a scroll of enchant armour {unknown}
 k - 2 scrolls of amnesia {unknown}
Potions
 h - a potion of haste {unknown}


   Skills:
 + Level 1.5 Fighting
 * Level 4.5 Dodging
 - Level 2.4 Stealth
 - Level 3.0 Spellcasting
 * Level 5.6 Ice Magic


You had 3 spell levels left.
You knew the following spells:

 Your Spells              Type           Power        Failure   Level
a - Freeze                Ice            ####         1%          1
b - Frozen Ramparts       Ice            ####..       3%          3
c - Ozocubu's Armour      Ice            ####....     3%          3

Your spell library contained the following spells:

 Spells                   Type           Power        Failure   Level
 Hailstorm                Conj/Ice       ###.....     38%         4
 Summon Ice Beast         Ice/Summ       ###.....     38%         4


Dungeon Overview and Level Annotations

Branches:
Dungeon (2/15)

Altars:
Elyvilon


Message History

The white imp completely resists.
The wall freezes the white imp but do no damage.
The white imp closely misses you.
The white imp resists.
The wall freezes the white imp.
The wall freezes the dart slug.
The white imp completely resists.
The wall freezes the white imp but do no damage.
The white imp gestures at you. The puff of frost hits you!
* * * LOW HITPOINT WARNING * * *
It was a potion of curing.
You feel better.
The wall freezes the dart slug.
You kill the dart slug!
The white imp resists.
The wall freezes the white imp.
The white imp gestures at you. The puff of frost hits you!
* * * LOW HITPOINT WARNING * * *
It was a potion of magic.
Magic courses through your body.
The white imp resists.
The wall freezes the white imp.
The white imp hits you.
* * * LOW HITPOINT WARNING * * *
The white imp freezes you.
You die...

##################
#..............#..
##.###########.#.#
#.# #.#.# #†#
#@#.. #.#
#5#.##############
#.#
#†#...............
#.#
#.#.##########....
#.# #.#.# #....
#.# ..#)# #....
#.##### .#
###.####### #....
#.....# .#
#.#...... #####'
#####.# .#
#.#...... ...#)


You could see a white imp.

Vanquished Creatures
  An orc wizard (D:2)
  A worker ant (D:2)
  6 adders (D:2)
  2 worms (D:2)
  2 dart slugs
  3 orcs (D:2)
  A giant cockroach (D:2)
  10 goblins
  5 hobgoblins
  3 jackals
  6 bats
  2 frilled lizards
  6 kobolds
  3 rats
51 creatures vanquished.

Notes
Turn   | Place    | Note
-------+----------+-------------------------------------------
     0 | D:1      | MrRokkomies the Deep Elf Ice Elementalist began the quest
                  | for the Orb.
     0 | D:1      | Reached XP level 1. HP: 10/10 MP: 6/6
   415 | D:1      | Reached XP level 2. HP: 16/16 MP: 4/8
  1357 | D:2      | Reached XP level 3. HP: 14/20 MP: 6/9
  1362 | D:2      | Learned a level 3 spell: Frozen Ramparts
  1366 | D:2      | Learned a level 3 spell: Ozocubu's Armour
  1533 | D:2      | Reached skill level 5 in Ice Magic
  1684 | D:2      | Reached skill level 1 in Fighting
  1692 | D:2      | Reached XP level 4. HP: 25/25 MP: 3/10
  2433 | D:2      | Found a white marble altar of Elyvilon.
  2466 | D:2      | Reached XP level 5. HP: 24/29 MP: 2/11
  2807 | D:2      | HP: 1/29 [white imp/puff of frost (8)]
  2809 | D:2      | Slain by a white imp

Illustrated notes

Levels and vault maps discovered:
D:1:      dpeg_arrival_renting, layout_loops_ring
D:2:      minmay_alternating_diamond, layout_basic, overflow_temple_1_default,
          chequers_arboretum

Skill      XL: |  1  2  3  4 |
---------------+-------------+-----
Dodging        | 3 4 |  4.5
Ice Magic      | 5 |  5.6
Fighting       | 1 |  1.5
Stealth        | |  2.4
Spellcasting   | |  3.0

Action                   |  1- 3 |  4- 6 || total
-------------------------+-------+-------++-------
Melee: Dagger            |    23 |    50 ||    73
 Cast: Freeze            |    39 |    15 ||    54
       Frozen Ramparts   |     1 |     5 ||     6
  Use: Potion            |       |     2 ||     2
 Stab: Sleeping          |     3 |       ||     3
Armor: Robe              |     9 |     7 ||    16
Dodge: Dodged            |    27 |    42 ||    69

Table legend: (Time is in decaauts)
 A = Elapsed time spent in this place.
 B = Non-inter-level travel time spent in this place.
 C = Inter-level travel time spent in this place.
 D = Time resting spent in this place.
 E = Time spent auto-exploring this place.
 F = Levels seen in this place.
 G = Mean time per level.
                   A        B        C        D        E       F      G
               +--------+--------+--------+--------+--------+-----+--------+
         Total |   2810 |   2730 |     80 |      0 |   2392 |   2 | 1405.0 |
       Dungeon |   2810 |   2730 |     80 |      0 |   2392 |   2 | 1405.0 |
               +--------+--------+--------+--------+--------+-----+--------+

Top non-repeatable levels by time:
     D:2: 1493 daAuts
     D:1: 1316 daAuts
